[Event "FIDE Chesscom Online Nations Cup"]
[White "Duda, Jan-Krzysztof"]
[Black "Harikrishna, Pentala"]
[Site "Online"]
[Round "8"]
[Annotator "ChessBase"]
[Result "1-0"]
[Date "2020.05.08"]
[WhiteElo "2774"]
[BlackElo "2690"]
[PlyCount "155"]
[TimeControl "1500+10"]

1. d4 d5 2. c4 e6 3. Nc3 Be7 4. cxd5 exd5 5. Bf4 c6 6. e3 Bf5 7. Nge2 Nd7 8. Ng3 Bg6 9. h4 h5 10. Bd3 Bxd3 11. Qxd3 g6 12. e4 Ngf6 13. e5 Nh7 14. e6 Ndf8 15. exf7+ Kxf7 16. Be5 Rg8 17. f4 Bxh4 18. f5 Bxg3+ 19. Bxg3 Qg5 20. 0-0 Nf6 21. Bf4 Qg4 22. Nd1 Re8 23. Ne3 Rxe3 24. Bxe3 gxf5 25. Qc2 Ne6 26. Rxf5 Nxd4 27. Bxd4 Qxd4+ 28. Qf2 Qxf2+ 29. Rxf2 Ke6 30. Raf1 Rg6 31. Re1+ Kd6 32. Rf5 d4 33. Ra5 a6 34. Rd1 Rg4 35. Rf5 Ke6 36. Rdf1 Rg6 37. R5f4 Ke5 38. Rf5+ Ke6 39. R5f4 Ke5 40. a4 Nd5 41. Rf5+ Ke4 42. Rxh5 Ne3 43. Rf2 d3 44. Rh4+ Rg4 45. Rh7 b5 46. Rh6 Nc4 47. Rxc6 Ke3 48. axb5 axb5 49. Re6+ Kd4 50. Re8 d2 51. Rd8+ Kc5 52. b3 Na5 53. Rf3 Rb4 54. Rxd2 Nxb3 55. Rc2+ Rc4 56. Rf5+ Kd6 57. Ra2 Nd4 58. Ra6+ Rc6 59. Rf6+ Kd5 60. Rfxc6 Nxc6 61. Rb6 Kc5 62. Rb7 b4 63. Kf2 Na5 64. Rb8 Nc6 65. Rb7 Na5 66. Ra7 Nc6 67. Ra1 b3 68. Rc1+ Kb5 69. Ke3 Ne7 70. Kd2 Nd5 71. Rc8 Nf4 72. g4 Ne6 73. Kc3 Nc5 74. Kb2 Kb4 75. g5 Nd3+ 76. Kb1 Ne5 77. Re8 Nf3 78. g6 1-0

[Event "FIDE Chesscom Online Nations Cup"]
[White "Wang, Hao"]
[Black "Artemiev, Vladislav"]
[Site "Online"]
[Round "8"]
[Annotator "ChessBase"]
[Result "1/2-1/2"]
[Date "2020.05.08"]
[WhiteElo "2750"]
[BlackElo "2769"]
[PlyCount "138"]
[TimeControl "1500+10"]

1. e4 c5 2. Nf3 e6 3. c3 d5 4. exd5 Qxd5 5. d4 Nf6 6. Na3 Nc6 7. Nb5 Qd8 8. dxc5 Bxc5 9. Qxd8+ Kxd8 10. Bf4 Ne4 11. Be3 Bxe3 12. fxe3 Ke7 13. Nbd4 Bd7 14. Nxc6+ Bxc6 15. Nd4 Bd7 16. Be2 e5 17. Nb3 Rac8 18. Bf3 Nd6 19. 0-0-0 Be6 20. Bd5 b6 21. Bxe6 Kxe6 22. Rd3 Ne4 23. Rhd1 a5 24. a4 h5 25. Rd7 Rc6 26. Ra7 Nd6 27. Nd2 Rhc8 28. Kc2 R6c7 29. Rxc7 Rxc7 30. Kd3 f5 31. Ke2 g5 32. h3 h4 33. e4 fxe4 34. Rf1 g4 35. hxg4 Rg7 36. Rh1 Rxg4 37. Rh2 e3 38. Nf1 Rxa4 39. Nxe3 Rf4 40. Kd3 Rf2 41. c4 Rf4 42. b3 Rd4+ 43. Kc2 a4 44. Rh3 axb3+ 45. Kxb3 Rd3+ 46. Kb4 e4 47. Nd5 Rxh3 48. gxh3 Ke5 49. Kc3 b5 50. Ne7 bxc4 51. Ng6+ Kd5 52. Nxh4 Nb5+ 53. Kc2 Nd4+ 54. Kc3 Ne2+ 55. Kd2 Nf4 56. Nf5 Kc5 57. h4 Kb4 58. Ke3 c3 59. Nd4 Kc4 60. Kxe4 Nd5 61. Nc2 Nf6+ 62. Kf5 Nh5 63. Kg4 Nf6+ 64. Kf5 Ng8 65. h5 Kd3 66. Na3 c2 67. Nxc2 Kxc2 68. Kg5 Kd3 69. h6 Nxh6 1/2-1/2

[Event "FIDE Chesscom Online Nations Cup"]
[White "Vidit, Santosh Gujrathi"]
[Black "Aronian, Levon"]
[Site "Online"]
[Round "8"]
[Annotator "ChessBase"]
[Result "1-0"]
[Date "2020.05.08"]
[WhiteElo "2636"]
[BlackElo "2778"]
[PlyCount "131"]
[TimeControl "1500+10"]

1. d4 Nf6 2. c4 e6 3. Nc3 Bb4 4. f3 d5 5. a3 Be7 6. e4 dxe4 7. fxe4 c5 8. d5 exd5 9. exd5 0-0 10. Be2 Re8 11. Nf3 Bg4 12. 0-0 Nbd7 13. d6 Bf8 14. h3 Bh5 15. Nb5 Rb8 16. Bf4 a6 17. Nc7 Re4 18. Bg3 Bxf3 19. Bxf3 Rd4 20. Qe1 Bxd6 21. Nd5 Bxg3 22. Qxg3 Kh8 23. Rad1 Qf8 24. Rxd4 cxd4 25. b4 Nxd5 26. Bxd5 Nf6 27. Qe5 Nxd5 28. cxd5 f6 29. Qxd4 Rd8 30. Re1 h6 31. Re6 Qf7 32. Qe4 Qc7 33. a4 Kg8 34. Re7 Qb6+ 35. Kh1 Qd6 36. a5 f5 37. Qe6+ Qxe6 38. dxe6 Rd1+ 39. Kh2 Re1 40. Kg3 Re4 41. Rxb7 Rxe6 42. Kf4 g6 43. Kf3 Kf8 44. Rb6 Re4 45. Rxa6 Rxb4 46. Rxg6 Rb5 47. a6 h5 48. Kf4 Kf7 49. Rc6 h4 50. Kg5 Rb2 51. Kxf5 Rf2+ 52. Kg4 Rxg2+ 53. Kxh4 Rg1 54. Kh5 Rg3 55. h4 Kg7 56. Rc7+ Kf6 57. a7 Ra3 58. Kg4 Ra4+ 59. Kf3 Kg6 60. Ke3 Kh5 61. Kd3 Ra1 62. Kd4 Kxh4 63. Kc5 Kg5 64. Kb6 Kf6 65. Kb7 Rb1+ 66. Kc8 1-0

[Event "FIDE Chesscom Online Nations Cup"]
[White "Koneru, Humpy"]
[Black "Muzychuk, Anna"]
[Site "Online"]
[Round "8"]
[Annotator "ChessBase"]
[Result "1/2-1/2"]
[Date "2020.05.08"]
[WhiteElo "2483"]
[BlackElo "2533"]
[PlyCount "137"]
[TimeControl "1500+10"]

1. d4 d5 2. c4 c6 3. Nf3 Nf6 4. e3 Bg4 5. cxd5 cxd5 6. Nc3 e6 7. Qb3 Bxf3 8. gxf3 Qd7 9. Bb5 Nc6 10. Na4 Bb4+ 11. Kf1 Bd6 12. Bd2 0-0 13. Rc1 Rfc8 14. Kg2 Qe7 15. Bxc6 bxc6 16. Qd3 e5 17. dxe5 Qxe5 18. Bc3 Qg5+ 19. Kf1 Qh4 20. b3 Nd7 21. Qf5 Qe7 22. Rg1 g6 23. h4 Be5 24. h5 Re8 25. Bxe5 Nxe5 26. Rg3 Qh4 27. Qh3 Qxh3+ 28. Rxh3 Rac8 29. Nc5 Re7 30. hxg6 hxg6 31. Kg2 Kg7 32. f4 Nd7 33. Rhh1 Kf6 34. Kf3 Nxc5 35. Rxc5 Ke6 36. Rhc1 Kd6 37. b4 Rb7 38. a3 Rcc7 39. f5 gxf5 40. Kf4 a6 41. Kxf5 Rb5 42. Kf6 Rb8 43. Ra5 Ra7 44. Rac5 Rc7 45. Rh1 Rg8 46. Rh6 Rg2 47. Kf5+ Kd7 48. Rc2 Rc8 49. Rf6 Rg7 50. Rc5 Rh7 51. Kf4 Rh4+ 52. Kf3 Rh7 53. Ke2 Rg7 54. Ra5 Ra8 55. Rc5 Rc8 56. Kd3 Rh7 57. Ra5 Ke7 58. Rf4 Ra8 59. a4 Rh6 60. b5 c5 61. bxa6 Rhxa6 62. Rxc5 Rxa4 63. Rc7+ Kd6 64. Rfxf7 Ra2 65. Rfd7+ Ke6 66. Re7+ Kd6 67. Red7+ Ke6 68. Re7+ Kd6 69. Red7+ 1/2-1/2